 Dungeon Crawl Stone Soup version 0.29.1-1-gd02db6906a (webtiles) character file.

Game seed: 12239425688302911525

65 GeoRichter the Grave Robber (level 3, -3/19 HPs)
             Began as a Deep Elf Necromancer on Oct 17, 2022.
             Killed from afar by Sigmund (10 damage)
             ... with a magic dart
             ... on level 2 of the Dungeon.
             The game lasted 00:04:00 (1001 turns).

GeoRichter the Grave Robber (Deep Elf Necromancer)  Turns: 1001, Time: 00:04:01

Health: -3/19      AC:  2    Str:  5    XL:     3   Next: 92%
Magic:  7/10       EV: 12    Int: 21    God:
Gold:   57         SH:  5    Dex: 15    Spells: 6/10 levels left

rFire   . . .      SeeInvis .   f - +0 short sword
rCold   . . .      Faith    .   (no shield)
rNeg    . . .      Spirit   .   a - +0 robe
rPois   .          Reflect  +   (no helmet)
rElec   .          Harm     .   (no cloak)
rCorr   .          Rampage  .   (no gloves)
Will    .....                   (no boots)
Stlth   ++........              k - amulet of reflection
HPRegen 0.06/turn               (no ring)
MPRegen 0.12/turn               (no ring)

@: no status effects
A: no striking features
a: no special abilities


You were on level 2 of the Dungeon.
You visited 1 branch of the dungeon, and saw 2 of its levels.

You collected 57 gold pieces.

Inventory:

Hand Weapons
 f - a +0 short sword (weapon)
   (You took it off a kobold on level 1 of the Dungeon)
Armour
 a - a +0 robe (worn)
 c - a +0 leather armour
   (You found it on level 1 of the Dungeon)
Jewellery
 i - a ring of fire
   (You found it on level 1 of the Dungeon)
 k - an amulet of reflection (around neck)
   (You found it on level 2 of the Dungeon)
Scrolls
 e - a scroll of noise {unknown}
 j - 2 scrolls of identify {unknown}
Potions
 b - a potion of magic
 d - a potion of degeneration {unknown}
 g - a potion of curing {unknown}
 h - a potion of haste {@q3}


   Skills:
 - Level 2.4 Dodging
 - Level 2.4 Stealth
 + Level 4.1 Spellcasting
 * Level 6.2 Necromancy


You had 6 spell levels left.
You knew the following spells:

 Your Spells              Type           Power      Damage    Failure   Level
a - Necrotise             Necr           100%       1d9       1%          1
b - Vampiric Draining     Necr           30%        2d8       2%          3

Your spell library contained the following spells:

 Spells                   Type           Power      Damage    Failure   Level
 Animate Dead             Necr           30%        N/A       10%         4
 Agony                    Necr           30%        N/A       26%         5
 Ozocubu's Armour         Ice            4%         N/A       34%         3
 Metabolic Englaciation   Hex/Ice        2%         N/A       97%         5
 Simulacrum               Ice/Necr       8%         N/A       99%         6


Dungeon Overview and Level Annotations

Branches:
Dungeon (2/15) Zot: 10997

Altars:

Annotations:
D:2 Sigmund


Message History

You add the spells Ozocubu's Armour, Metabolic Englaciation and Simulacrum to your library.
Your goblin skeleton crumbles into dust!
An adder comes into view.
The adder writhes in agony.
You block the adder's attack.
The adder writhes in agony.
The adder bites you.
The adder writhes in agony!
You kill the adder!
The dead are slithering!
Your Spellcasting skill increases to level 4!
Your adder skeleton crumbles into dust!
Found a scroll labelled MEHITW TOFEH.
Found 4 poisoned darts.
j - 2 scrolls labelled MEHITW TOFEH (gained 1)
A jackal comes into view.
A jackal is nearby!
The jackal barks!
The jackal writhes in agony!
You kill the jackal!
The dead are walking!
You hear a bark!
Something hits your jackal skeleton!
Your jackal skeleton is destroyed!
A jackal comes into view.
The jackal barks!
The jackal writhes in agony.
You kill the jackal!
The dead are walking!
Sigmund and a jackal come into view.
Sigmund breathes a few words.
Sigmund's hands start flickering wildly.
Sigmund drinks a potion.
Sigmund seems to speed up.
Your jackal skeleton bites Sigmund but does no damage.
Aim: a jackal (chance to affect: 93%)
The jackal barely resists.
Your jackal skeleton bites Sigmund but does no damage.
Aim: a jackal (chance to affect: 93%)
The jackal writhes in agony!
You kill the jackal!
The dead are walking!
Your jackal skeleton completely misses Sigmund.
Sigmund hits you from afar with a +0 scythe!
Ouch! That really hurt!
* * * LOW HITPOINT WARNING * * *
Your jackal skeleton barely misses Sigmund.
You block Sigmund's attack.
Sigmund says, "Now you see me, now you don't..."
Sigmund points at you and mumbles some strange words.
The magic dart hits you!
Ouch! That really hurt!
You die...

..#####..# ##.# .# .##
#...###### ....##.### ##
#.#......###.##.......#
######.##.....#...##.......#
...........................#
######.####.....####.......#
#.............## #ZZ.....#
##....###..####..###.# ...##
#.## #.@.##.# ....#
###.#####.#..@.##..
###.###.................# #
#...^....####.#########
######....### #.#
.......##...###.####
.......####..##....#
..)..........#####.#
.<....#####...####.###


You could see Sigmund (fast).

Vanquished Creatures
  2 adders (D:2)
  2 dart slugs (D:1)
  3 ball pythons (D:1)
  4 bats (D:1)
  2 endoplasms (D:1)
  2 giant cockroaches (D:1)
  3 goblins
  5 hobgoblins (D:1)
  5 jackals
  2 quokkas (D:1)
  A kobold (D:2)
  A rat (D:1)
32 creatures vanquished.

Vanquished Creatures (collateral kills)
  A frilled lizard (D:1)
  A goblin (D:1)
  A kobold (D:1)
  3 rats (D:1)
6 creatures vanquished.

Grand Total: 38 creatures vanquished

Notes
Turn   | Place    | Note
-------+----------+-------------------------------------------
     0 | D:1      | GeoRichter the Deep Elf Necromancer began the quest for the
                  | Orb.
     0 | D:1      | Reached XP level 1. HP: 10/10 MP: 6/6
    41 | D:1      | Reached skill level 5 in Necromancy
   123 | D:1      | Reached XP level 2. HP: 15/15 MP: 2/8
   512 | D:1      | Reached XP level 3. HP: 17/19 MP: 2/10
   872 | D:2      | Reached skill level 6 in Necromancy
   876 | D:2      | Learned a level 3 spell: Vampiric Draining
   994 | D:2      | Noticed Sigmund
  1001 | D:2      | Killed from afar by Sigmund

Illustrated notes

Levels and vault maps discovered:
D:1:      roderic_crossed_star, layout_rooms
D:2:      layout_rooms, dreamdust_ecumenical_altar_grove, uniq_sigmund

Skill      XL: |  1  2  3 |
---------------+----------+-----
Necromancy     | 5 6 |  6.2
Spellcasting   | 4 |  4.1
Dodging        | |  2.4
Stealth        | |  2.4

Action                   || total
-------------------------++-------
Melee: Unarmed           ||     2
       Club              ||     7
 Cast: Necrotise         ||    52
Armor: Robe              ||     2
Dodge: Dodged            ||    10
Block: Other             ||     2
